 Dungeon Crawl Stone Soup version 0.17-a0-1-g1f4be75 (webtiles) character file.

156 Gronka the Skirmisher (level 5, 0/42 HPs)
             Began as a Human Fighter on Mar 6, 2015.
             Succumbed to an orc wizard's poison
             ... on level 3 of the Dungeon.
             The game lasted 00:03:41 (2339 turns).

Gronka the Skirmisher (Human Fighter)               Turns: 2339, Time: 00:03:41

Health: 0/42       AC:  7    Str: 18    XL:     5   Next: 65%
Magic:  5/5        EV:  8    Int:  8    God:
Gold:   98         SH:  9    Dex: 12    Spells: 0 memorised, 4 levels left

rFire  . . .     SeeInvis .     a - +0 long sword
rCold  . . .     Clarity  .     b - +0 scale mail
rNeg   . . .     SustAb   .     c - +0 shield
rPois  .         Gourm    .     (no helmet)
rElec  .         Spirit   .     (no cloak)
rCorr  +         Warding  .     (no gloves)
rMut   .         Stasis   .     (no boots)
MR     .....                    g - amulet of resist corrosion
Stlth  ..........               (no ring)
                                (no ring)

@: lethally poisoned (0 -> -30), hasted, very quick, not resistant to hostile
enchantments, extremely unstealthy
A: no striking features
a: no special abilities


You were on level 3 of the Dungeon.
You were not hungry.

You visited 1 branch of the dungeon, and saw 3 of its levels.

You collected 98 gold pieces.

Inventory:

Hand weapons
 a - a +0 long sword (weapon)
Armour
 b - a +0 scale mail (worn)
 c - a +0 shield (worn)
Jewellery
 g - an amulet of resist corrosion (around neck)
Magical devices
 o - a wand of cold (11)
Scrolls
 f - 4 scrolls of identify {unknown}
 h - a scroll of random uselessness {unknown}
 j - a scroll of blinking {unknown}
 k - a scroll of fog {unknown}
 m - a scroll of teleportation {unknown}
 n - a scroll of enchant weapon {unknown}
Potions
 e - a potion of might
 i - a potion of haste
 p - a potion of ambrosia {unknown}
Comestibles
 d - a bread ration
 l - a beef jerky


   Skills:
 + Level 3.9 Fighting
 + Level 2.6 Long Blades
 + Level 3.8 Armour
 + Level 1.9 Dodging
 + Level 3.7 Shields


You had 4 spell levels left.
You didn't know any spells.

Dungeon Overview and Level Annotations

Branches:
Dungeon (3/15)

Altars:
Ashenzari
Sif Muna


Message History

* * * LOW HITPOINT WARNING * * *
You are more poisoned.
You hit something but do no damage.
* * * LOW HITPOINT WARNING * * *
You feel sick. Something hits you but does no damage.
You are more poisoned.
Something hits you but does no damage.
You are more poisoned.
You closely miss something.
* * * LOW HITPOINT WARNING * * *
You feel very sick.
You hear some strange, mumbled words.
Something tries to affect you, but you resist.
You hit something.
* * * LOW HITPOINT WARNING * * *
You feel very sick. Something hits you but does no damage.
Drink which item? (? for menu, Esc to quit)
It was a potion of haste.
You feel yourself speed up.
You die...

..†..........# #.##............##
######.......###.########........
#†.............# #........
#....#.........# #......#.
#....#........># #####....
######....#........[# #####
.......####.........# #######
.#####.# #.####.#### #.....# #.#
#.# #@# #%....#### #.####.####{#
#..........
#........##o######....{.ooo.
######..(#.o..o..#.##.......
#...#.....(....# !....
#...#.......#..# ....
######..^#.......#..... ### #
#.....####.......###...#
#.##.###.# #.......# ...#


You could see 2 orcs.

Vanquished Creatures
  Terence (D:3)
  6 adders
  6 worms
  2 giant geckos
  2 oozes (D:1)
  An orc (D:3)
  3 giant cockroaches
  4 goblins
  7 hobgoblins
  A quokka (D:2)
  A ball python (D:1)
  8 bats
  3 giant newts (D:2)
  5 kobolds (D:1)
  5 rats
55 creatures vanquished.

Notes
Turn   | Place    | Note
--------------------------------------------------------------
     0 | D:1      | Gronka, the Human Fighter, began the quest for the Orb.
     0 | D:1      | Reached XP level 1. HP: 18/18 MP: 1/1
   237 | D:1      | Reached XP level 2. HP: 20/24 MP: 2/2
   565 | D:1      | Reached XP level 3. HP: 27/29 MP: 3/3
  1079 | D:2      | Found a shattered altar of Ashenzari.
  1079 | D:2      | Found a deep blue altar of Sif Muna.
  1131 | D:2      | Reached skill level 1 in Dodging
  1131 | D:2      | Reached XP level 4. HP: 20/35 MP: 4/4
  1659 | D:2      | Reached XP level 5. HP: 26/41 MP: 5/5
  1919 | D:3      | Noticed Terence
  1932 | D:3      | Killed Terence
  2338 | D:3      | HP: 2/42 [poisoned by an orc wizard]
  2339 | D:3      | Succumbed to an orc wizard's poison

Action                   |  1- 3 |  4- 6 || total
-------------------------+-------+-------++-------
Melee: Long sword        |    81 |   164 ||   245
  Use: Potion            |       |     2 ||     2
  Eat: Bread ration      |     1 |     1 ||     2
